 Dungeon Crawl Stone Soup version 0.30-a0-377-g5cb311bc9f (webtiles) character file.

Game seed: 6101734526223141290

4 PyroL the Grave Robber (level 1, -3/13 HPs)
             Began as a Demonspawn Necromancer on Nov 29, 2022.
             Frozen to death by an endoplasm (4 damage)
             ... on level 1 of the Dungeon.
             The game lasted 00:00:20 (61 turns).

PyroL the Grave Robber (Demonspawn Necromancer)       Turns: 61, Time: 00:00:20

Health: -3/13      AC:  2    Str:  8    XL:     1   Next: 50%
Magic:  0/3        EV: 12    Int: 16    God:
Gold:   0          SH:  0    Dex: 13    Spells: 3/4 levels left

rFire   . . .      SeeInvis .    c - +0 dagger
rCold   . . .      Faith    .    (no shield)
rNeg    . . .      Spirit   .    a - +0 robe
rPois   .          Reflect  .    (no helmet)
rElec   .          Harm     .    (no cloak)
rCorr   .          Rampage  .    (no gloves)
Will    .....                    (no boots)
Stlth   ++........               (no amulet)
HPRegen 0.22/turn                (no ring)
MPRegen 0.08/turn                (no ring)

@: no status effects
A: no striking features
a: no special abilities


You were on level 1 of the Dungeon.
You visited 1 branch of the dungeon, and saw 1 of its levels.

Inventory:

Hand Weapons
 c - a +0 dagger (weapon)
Missiles
 e - 6 boomerangs
Armour
 a - a +0 robe (worn)
Potions
 b - a potion of magic
 d - 2 potions of might {unknown}


   Skills:
 - Level 1.7 Dodging
 - Level 1.7 Stealth
 + Level 2.1 Spellcasting
 * Level 4.5 Necromancy


You had 3 spell levels left.
You knew the following spells:

 Your Spells              Type           Power      Damage    Failure   Level
a - Necrotise             Necr           64%        1d7       3%          1

Your spell library contained the following spells:

 Spells                   Type           Power      Damage    Failure   Level
 Vampiric Draining        Necr           16%        2d7       10%         3
 Animate Dead             Necr           16%        N/A       30%         4
 Agony                    Necr           16%        N/A       65%         5


Dungeon Overview and Level Annotations

Branches:
Dungeon (1/15)

Altars:


Message History

You swap places.
You see here a +0 dagger.
An endoplasm comes into view.
Found 13 gold pieces.
A ball python, a rat and a frilled lizard come into view.
The ball python hisses angrily.
The frilled lizard hisses angrily.
The endoplasm quivers.
The rat writhes in agony.
You kill the rat!
The dead are walking!
The endoplasm barely misses you.
The frilled lizard writhes in agony.
You kill the frilled lizard!
The dead are walking!
The endoplasm freezes you.
You are frozen.
The ball python bites you. The ball python misses you.
Sorry, you're not good enough to have a special ability.
Your goblin skeleton crumbles into dust!
The endoplasm writhes in agony.
The ball python bites something.
The ball python grabs something.
The ball python constricts something.
The endoplasm freezes you.
You are frozen.
* * * LOW HITPOINT WARNING * * *
You are too injured to fight recklessly!
You barely miss the endoplasm.
The endoplasm is lightly wounded.
The ball python bites something.
The ball python constricts something.
The endoplasm hits you.
* * * LOW HITPOINT WARNING * * *
You hit the endoplasm.
The endoplasm is heavily wounded.
The ball python bites something.
The endoplasm freezes you.
You are frozen.
* * * LOW HITPOINT WARNING * * *
Your frilled lizard skeleton bites the ball python.
You hit the endoplasm.
The endoplasm is almost dead.
The endoplasm freezes you.
You are frozen.
You die...

.# #####.#
#...$.#
#.....##
#......#
#######
#..Z..#
......###
#Z....#
...##...#
#####J#
........#
#...@.#
####....#
#.#####
#....# #.#
#....#####.#
####.)Z....#
#########


You could see an endoplasm (ally target) and a friendly frilled lizard skeleton.

Vanquished Creatures
  A goblin (D:1)
  A hobgoblin (D:1)
  A frilled lizard (D:1)
  A rat (D:1)
4 creatures vanquished.

Notes
Turn   | Place    | Note
-------+----------+-------------------------------------------
     0 | D:1      | PyroL the Demonspawn Necromancer began the quest for the
                  | Orb.
     0 | D:1      | Reached XP level 1. HP: 13/13 MP: 3/3
    61 | D:1      | Frozen to death by an endoplasm

Illustrated notes

Levels and vault maps discovered:
D:1:      amcnicky_arrival_blooded_trapdoor, layout_loops_cross,
          minmay_three_crescents

Action                   || total
-------------------------++-------
Melee: Dagger            ||     3
 Cast: Necrotise         ||     5
Dodge: Dodged            ||     2

Table legend: (Time is in decaauts)
 A = Elapsed time spent in this place.
 B = Non-inter-level travel time spent in this place.
 C = Inter-level travel time spent in this place.
 D = Time resting spent in this place.
 E = Time spent auto-exploring this place.
 F = Levels seen in this place.
 G = Mean time per level.
                   A        B        C        D        E       F      G
               +--------+--------+--------+--------+--------+-----+--------+
         Total |     60 |     60 |      0 |      0 |     34 |   1 |   60.0 |
       Dungeon |     60 |     60 |      0 |      0 |     34 |   1 |   60.0 |
               +--------+--------+--------+--------+--------+-----+--------+

Top non-repeatable levels by time:
     D:1: 60 daAuts
